 Dungeon Crawl Stone Soup version 0.31-a0-460-g9e667d4245 (webtiles) character file.

Game seed: 18200911300754093080

131 arthad the Covered (level 5, -4/33 HPs)
             Began as a Gargoyle Fighter on Aug 4, 2023.
             Was an Initiate of Okawaru.
             Slain by a gnoll
             ... wielding a +0 halberd
              (6 damage)
             ... on level 4 of the Dungeon.
             The game lasted 00:04:24 (2320 turns).

arthad the Covered (Gargoyle Fighter)               Turns: 2320, Time: 00:04:24

Health: -4/33      AC: 12    Str: 22    XL:     5   Next: 14%
Magic:  14/14      EV:  9    Int:  8    God:    Okawaru [......]
Gold:   126        SH:  4    Dex:  9    Spells: 4/4 levels left

rFire   . . .        a - +0 flail
rCold   + . .        c - +0 buckler
rNeg    + . .        b - +0 scale mail
rPois   ∞            (no helmet)
rElec   +            (no cloak)
rCorr   .            (no gloves)
SInv    .            (no boots)
Will    .....        e - amulet of the acrobat Stlth
                     f - ring of magical power
HPRegen 0.25/turn    (no ring)
MPRegen 0.14/turn

%: acrobat
@: mighty
A: sickness immunity, AC +4, negative energy resistance 1, electricity
resistance, torment resistance 1, petrification resistance, cold resistance 1,
shaggy fur 1, MP-powered wands, devolution 1
a: Renounce Religion


You were on level 4 of the Dungeon.
You worshipped Okawaru.
Okawaru was noncommittal.
You visited 1 branch of the dungeon, and saw 4 of its levels.

You collected 208 gold pieces.
You spent 82 gold pieces at shops.

Inventory:

Hand Weapons
 a - a +0 flail (weapon)
Missiles
 s - 5 atropa-tipped darts (quivered)
Armour
 b - a +0 scale mail (worn)
 c - a +0 buckler (worn)
 j - a +0 kite shield
Jewellery
 e - an amulet of the acrobat (around neck)
 f - a ring of magical power (left hand)
Wands
 t - a wand of paralysis (6)
 v - a wand of digging (7)
Scrolls
 h - 2 scrolls of amnesia {unknown}
 i - 3 scrolls of teleportation {unknown}
 k - a scroll of enchant weapon {unknown}
 l - 2 scrolls of identify {unknown}
 p - a scroll of fear {unknown}
 q - a scroll of revelation
 r - 2 scrolls of fog {unknown}
Potions
 d - a potion of might
 g - a potion of degeneration {unknown}
 m - 2 potions of curing
 n - 2 potions of mutation
 o - a potion of brilliance {unknown}
 u - a potion of invisibility {unknown}


   Skills:
 + Level 4.1 Fighting
 + Level 3.0 Maces & Flails
 + Level 4.2 Armour
 + Level 4.2 Shields


You had 4 spell levels left.
You didn't know any spells.
Your spell library contained the following spells:

 Spells                   Type           Power      Damage    Failure   Level
 Slow                     Hex            0%         N/A       80%         1
 Confusing Touch          Hex            0%         N/A       99%         3
 Vampiric Draining        Necr           0%         2d6       99%         3
 Anguish                  Hex/Necr       0%         N/A       100%        4
 Cause Fear               Hex            0%         N/A       100%        4
 Alistair's Intoxication  Tmut/Pois      0%         N/A       100%        5
 Borgnjor's Vile Clutch   Necr/Erth      0%         N/A       100%        5
 Eringya's Noxious Bog    Tmut/Pois      0%         4d6       100%        6
 Enfeeble                 Hex            0%         N/A       100%        7


Dungeon Overview and Level Annotations

Branches:
Dungeon (4/15)             Temple (0/1) D:4

Altars:
Okawaru
Zin

Shops:
D:2 ?


Innate Abilities, Weirdness & Mutations

You are immune to sickness and miasma.
Your stone body is resilient. (AC +4)
You are immune to poison.
You resist negative energy. (rN+)
You are resistant to electric shocks. (rElec)
You are resistant to unholy torment.
You are immune to petrification.
Your flesh is cold resistant. (rC+)
You are covered in fur. (AC +1)
You expend magic power (3 MP) to strengthen your wands.
You have hidden genetic defects.


Message History

You are too injured to fight recklessly!
You are too injured to fight recklessly!
You are too injured to fight recklessly!
You are too injured to fight recklessly!
You are too injured to fight recklessly!
You are too injured to fight recklessly!
You are too injured to fight recklessly!
You are too injured to fight recklessly!
You are too injured to fight recklessly!
You are too injured to fight recklessly!
You are too injured to fight recklessly!
You are too injured to fight recklessly!
You are too injured to fight recklessly!
You feel very mighty all of a sudden. The gnoll barely misses you.
You block the gnoll's attack.
You hit the gnoll.
The gnoll is severely wounded.
You block the gnoll's attack.
A gnoll comes into view. It is wielding a +0 whip.
The gnoll barely misses you.
You closely miss the gnoll.
The gnoll is severely wounded.
The gnoll shouts!
The gnoll hits you from afar with a +0 halberd.
* * * LOW HITPOINT WARNING * * *
The gnoll hits you but does no damage.
You bludgeon the gnoll!!
You kill the gnoll!
Okawaru accepts your kill.
The gnoll hits you from afar with a +0 halberd.
* * * LOW HITPOINT WARNING * * *
It was a potion of curing.
You feel better.
The gnoll hits you from afar with a +0 halberd!
* * * LOW HITPOINT WARNING * * *
It was a potion of mutation.
You feel extremely strange.
You feel a hidden malignance growing inside you.
You feel resistant to cold. Fur sprouts all over your body.
You feel your magical essence link to the dungeon's wands.
The gnoll hits you from afar with a +0 halberd.
You die...

#................#...........'...
.#8..8#..........#...........#...
.##..##..........#...........#...
.)...+...........#...........#...
.................#...........#...
......+########'.##+######...#...
#####.#........#..# ##+##...
......#.'####+.#..# #...
......#.#....#.#@)# #...
......#.#.##.#.#..# #...
......#.#.##.#.#g.# #######...
......#.#.[..#.#.## #.........
......#.'####+.#.g #.........
......#........#.. #.........
#####.'########+... #.........
................... #.........
..............##### ##.........


You could see 2 gnolls.

Vanquished Creatures
  A hound (D:4)
  A gnoll (D:4)
  3 adders
  A worm (D:3)
  3 dart slugs
  4 orcs (D:4)
  6 ball pythons
  3 bats
  4 endoplasms
  A giant cockroach (D:1)
  4 goblins
  3 hobgoblins
  4 jackals (D:1)
  4 kobolds
  A quokka (D:1)
  5 frilled lizards
  2 rats (D:2)
50 creatures vanquished.

Notes
Turn   | Place    | Note
-------+----------+-------------------------------------------
     0 | D:1      | arthad the Gargoyle Fighter began the quest for the Orb.
     0 | D:1      | Reached XP level 1. HP: 14/14 MP: 1/1
   242 | D:1      | Reached XP level 2. HP: 19/19 MP: 2/2
   609 | D:1      | Found a faded altar of an unknown god.
   719 | D:2      | Reached XP level 3. HP: 22/23 MP: 3/3
  1228 | D:2      | Found Dalettaq's Magic Scroll Shop.
  1233 | D:2      | Bought a scroll of revelation for 82 gold pieces
  1489 | D:3      | Found a glowing silver altar of Zin.
  1531 | D:3      | Reached XP level 4. HP: 29/29 MP: 4/4
  1724 | D:3      | Found an iron altar of Okawaru.
  1732 | D:3      | Became a worshipper of Warmaster Okawaru
  2166 | D:4      | Found a staircase to the Ecumenical Temple.
  2191 | D:4      | Reached XP level 5. HP: 29/33 MP: 5/5
  2320 | D:4      | Gained mutation: You have hidden genetic defects. [potion
                  | of mutation]
  2320 | D:4      | Gained mutation: Your flesh is cold resistant. (rC+)
                  | [potion of mutation]
  2320 | D:4      | Gained mutation: You are covered in fur. (AC +1) [potion of
                  | mutation]
  2320 | D:4      | Gained mutation: You expend magic power (3 MP) to
                  | strengthen your wands. [potion of mutation]
  2320 | D:4      | Slain by a gnoll

Illustrated notes

Levels and vault maps discovered:
D:1:      heliophobic_arrival_ceremonial_halls, layout_rooms,
          shapermc_ecumenical_altar_hornbeckon
D:2:      layout_basic, serial_shops, shop
D:3:      layout_loops_ring, nicolae_overflow_hidden_temple,
          kennysheep_okawaru_gauntlet
D:4:      layout_gridville, marbit_many_paths, mainiacjoe_overflow_alcove_1,
          minmay_temple_entry_arrows, minivault_11, st_stairs_6

Skill      XL: |  1  2  3  4 |
---------------+-------------+-----
Armour         | 4 |  4.2
Shields        | 4 |  4.2
Fighting       | 4 |  4.1
Maces & Flails | 3 |  3.0

Action                     |  1- 3 |  4- 6 || total
---------------------------+-------+-------++-------
  Melee: Flail             |   117 |    49 ||   166
  Throw: Dart              |     1 |       ||     1
    Use: Potion            |       |     3 ||     3
 Armour: Scale mail        |    56 |    24 ||    80
  Dodge: Dodged            |    76 |    38 ||   114
  Block: Buckler           |    22 |    16 ||    38

Table legend: (Time is in decaauts)
 A = Elapsed time spent in this place.
 B = Non-inter-level travel time spent in this place.
 C = Inter-level travel time spent in this place.
 D = Time resting spent in this place.
 E = Time spent auto-exploring this place.
 F = Levels seen in this place.
 G = Mean time per level.
                   A        B        C        D        E       F      G
               +--------+--------+--------+--------+--------+-----+--------+
         Total |   2375 |   2315 |     60 |      0 |   1853 |   4 |  593.8 |
       Dungeon |   2375 |   2315 |     60 |      0 |   1853 |   4 |  593.8 |
               +--------+--------+--------+--------+--------+-----+--------+

Top non-repeatable levels by time:
     D:3: 785 daAuts
     D:1: 681 daAuts
     D:2: 621 daAuts
     D:4: 287 daAuts
